 Dungeon Crawl Stone Soup version 0.29-a0-474-gdfe5cd140f (webtiles) character file.

Game seed: 2679465770624559324

134 xian the Covered (level 4, -1/40 HPs)
             Began as a Minotaur Fighter on May 23, 2022.
             Slain by a gnoll
             ... wielding a +0 spear
              (5 damage)
             ... on level 3 of the Dungeon.
             The game lasted 00:04:58 (2135 turns).

xian the Covered (Minotaur Fighter)                 Turns: 2135, Time: 00:04:58

Health: -1/40      AC:  3    Str: 22    XL:     4   Next: 95%
Magic:  3/3        EV: 11    Int:  5    God:
Gold:   182        SH:  5    Dex: 12    Spells: 3/3 levels left

rFire   . . .      SeeInvis +   a - +0 long sword
rCold   + . .      Faith    .   c - +0 buckler
rNeg    . . .      Spirit   .   t - +1 robe "Vegimpam" {rF+ Dex+2 SInv Stlth+}
rPois   .          Reflect  .   (helmet restricted)
rElec   .          Harm     .   (no cloak)
rCorr   .          Rampage  .   (no gloves)
Will    +....                   (no boots)
Stlth   ++........              b - amulet of magic regeneration
HPRegen 0.13/turn               p - ring of ice
MPRegen 0.48/turn               v - ring of willpower

@: no status effects
A: horns 2, retaliatory headbutt
a: no special abilities


You were on level 3 of the Dungeon.
You visited 1 branch of the dungeon, and saw 3 of its levels.

You collected 182 gold pieces.

Inventory:

Hand Weapons
 a - a +0 long sword (weapon)
 e - a +0 dagger of draining
Armour
 c - a +0 buckler (worn)
 s - a +0 plate armour
 t - the +1 robe "Vegimpam" (worn) {rF+ Dex+2 SInv Stlth+}
   (You found it on level 3 of the Dungeon)

   Dex:       It affects your dexterity (+2).
   rF:        It protects you from fire.
   SInv:      It lets you see invisible.
   Stlth:     It makes you more stealthy.
Magical Staves
 m - a staff of air
Jewellery
 b - an amulet of magic regeneration (around neck)
 p - a ring of ice (left hand)
 v - a ring of willpower (right hand)
Scrolls
 f - 4 scrolls of vulnerability {unknown}
 g - 8 scrolls of identify {unknown}
 i - a scroll of fear {unknown}
 k - a scroll of immolation {unknown}
 l - 3 scrolls of magic mapping {unknown}
 n - 2 scrolls of teleportation {unknown}
 o - a scroll of torment {unknown}
 q - a scroll of noise {unknown}
 r - a scroll of amnesia {unknown}
 u - a scroll of acquirement {unknown}
Potions
 d - a potion of might
 h - 2 potions of brilliance {unknown}
 j - a potion of degeneration {unknown}
 w - a potion of curing {unknown}


   Skills:
 + Level 4.3 Fighting
 + Level 4.1 Long Blades
 + Level 4.8 Armour
 + Level 0.4 Dodging
 + Level 0.1 Stealth
 + Level 4.2 Shields


You had 3 spell levels left.
You didn't know any spells.
Your spell library was empty.

Dungeon Overview and Level Annotations

Branches:
Dungeon (3/15)

Altars:


Innate Abilities, Weirdness & Mutations

You have a pair of horns on your head.
You reflexively headbutt those who attack you in melee.


Message History

You now have 172 gold pieces (gained 10).
w - a fizzy grey potion
f - 4 scrolls labelled ONOFFO NIOGAI (gained 1)
A goblin comes into view. It is wielding a +0 dagger.
Found 10 gold pieces.
The goblin shouts!
You slash the goblin!
You kill the goblin!
Things that are here:
a +0 dagger; a goblin corpse
Found a stone staircase leading down.
You now have 182 gold pieces (gained 10).
Found a whip.
You see here a +0 whip.
A gnoll comes into view. It is wielding a +0 whip.
You see here a +0 hand axe.
A gnoll comes into view.
It is wielding a +0 flail. 2 gnolls come into view.
The gnoll shouts!
The gnoll shouts!
The gnoll drinks a potion.
The gnoll goes berserk!
The gnoll hits you with a +0 flail!
You hit the gnoll.
The gnoll is heavily wounded.
The gnoll drinks a potion.
The gnoll flickers and vanishes for a moment.
You hit the gnoll.
You kill the gnoll!
The gnoll hits you with a +0 whip. The gnoll closely misses you.
You block the gnoll's attack. The gnoll hits you with a +0 spear.
The gnoll hits you with a +0 spear! The gnoll closely misses you.
Things that are here:
a +0 flail; a gnoll corpse The gnoll attacks as you move away!
The gnoll hits you with a +0 spear. The gnoll attacks as you move away!
The gnoll barely misses you. The gnoll hits you with a +0 whip!
* * * LOW HITPOINT WARNING * * *
The gnoll hits you from afar with a +0 spear.
You die...

..........................#.#####
#####........).....#.#.##........
# ###.########.#.#.#.###.###### #
#.#.. ..#.#.#.#.# #..##... #
#.#.####.#.#.#.#.# ##.##.## #
#.#.#..#.#.#.#.#.# #..#... #
#.#.#..#.#.#.#.#.# ##.#..#
#######.#.#..#.#g#g#.#.#####....#
.........)).....@)g...........>.#
#######.#)#.##.#.#.#.#.######...#
# #.#.#<...#.#...#.### #.... #
#.#.######.....#.#.# ##..#
#######.#................# #..#
#.......############.#.#.# ##)#
#.####### #.#.#.# #.. .........
#.#.#.# ##. #.#############
#.#.#.# #.


You could see 3 gnolls.

Vanquished Creatures
  An orc priest (D:3)
  An orc wizard (D:3)
  2 adders (D:2)
  A gnoll (D:3)
  A dart slug (D:2)
  8 orcs (D:3)
  4 bats
  5 endoplasms
  A giant cockroach (D:2)
  5 goblins
  6 hobgoblins
  2 kobolds
  A quokka (D:2)
  4 ball pythons
  A frilled lizard (D:1)
43 creatures vanquished.

Notes
Turn   | Place    | Note
-------+----------+-------------------------------------------
     0 | D:1      | xian the Minotaur Fighter began the quest for the Orb.
     0 | D:1      | Reached XP level 1. HP: 19/19 MP: 0/0
   114 | D:1      | Found a faded altar of an unknown god.
   385 | D:1      | Reached XP level 2. HP: 24/27 MP: 1/1
  1049 | D:2      | Reached XP level 3. HP: 32/33 MP: 2/2
  1361 | D:3      | Reached XP level 4. HP: 27/40 MP: 3/3
  1656 | D:3      | Identified the +1 robe "Vegimpam" {rF+ Dex+2 SInv Stlth+}
  2135 | D:3      | Slain by a gnoll

Illustrated notes

Levels and vault maps discovered:
D:1:      eino_arrival_cavern_d, layout_rooms, nicolae_ecumenical_lake_church,
          minivault_4, nicolae_concentric_dashed_squares_mild
D:2:      layout_rooms, minmay_ruptured
D:3:      layout_basic, minmay_misc_feat_square, minmay_misc_feat_tower

Skill      XL: |  1  2  3  4 |
---------------+-------------+-----
Fighting       | 4 |  4.3
Armour         | 4 |  4.8
Shields        | 4 |  4.2
Long Blades    | 3 4 |  4.1
Dodging        | |  0.4
Stealth        | |  0.1

Action                   |  1- 3 |  4- 6 || total
-------------------------+-------+-------++-------
Melee: Long sword        |    56 |    34 ||    90
       Headbutt          |     7 |    10 ||    17
Armor: Scale mail        |    31 |     2 ||    33
       Plate armour      |       |    13 ||    13
       Robe              |       |     1 ||     1
Dodge: Dodged            |    38 |     8 ||    46
Block: Buckler           |     9 |    11 ||    20

Table legend: (Time is in decaauts)
 A = Elapsed time spent in this place.
 B = Non-inter-level travel time spent in this place.
 C = Inter-level travel time spent in this place.
 D = Time resting spent in this place.
 E = Time spent auto-exploring this place.
 F = Levels seen in this place.
 G = Mean time per level.
                   A        B        C        D        E       F      G
               +--------+--------+--------+--------+--------+-----+--------+
         Total |   2159 |   2085 |     74 |      0 |   1626 |   3 |  719.7 |
       Dungeon |   2159 |   2085 |     74 |      0 |   1626 |   3 |  719.7 |
               +--------+--------+--------+--------+--------+-----+--------+

Top non-repeatable levels by time:
     D:1: 815 daAuts
     D:3: 793 daAuts
     D:2: 550 daAuts
